 Dungeon Crawl Stone Soup version 0.22-a0-414-gacd343e8ff (webtiles) character file.

74384 Kriby the Severer (level 15, -8/143 HPs)
             Began as a Hill Orc Berserker on May 13, 2018.
             Was the Champion of Trog.
             Shot with an arrow by Vashnia (12 damage)
             ... on level 2 of the Snake Pit.
             The game lasted 00:21:13 (26479 turns).

Kriby the Severer (Hill Orc Berserker)             Turns: 26479, Time: 00:21:13

Health: -8/143     AC: 23    Str: 27    XL:     15   Next: 46%
Magic:  15/15      EV: 12    Int: 16    God:    Trog [******]
Gold:   371        SH:  0    Dex: 10    Spells: 14/14 levels left

rFire    . . .     SeeInvis .   D - +1 battleaxe (elec)
rCold    . . .     Gourm    .   (shield currently unavailable)
rNeg     + . .     Faith    +   z - +0 plate armour
rPois    +         Spirit   .   A - +2 helmet {Int+3}
rElec    .         Reflect  .   k - +0 cloak
rCorr    +         Harm     .   y - +0 pair of gloves "Ecycirch" {+Inv rCorr Int+4}
MR       ++...     Rnd*Rage +   (no boots)
Stlth    ..........             o - amulet of faith
HPRegen  0.33/turn              Z - ring of Byfystij {rPois rN+ MR+}
MPRegen  0.14/turn              m - +5 ring of slaying

@: no status effects
A: berserk 1, clever 1, sense surroundings 1
a: Berserk, Trog's Hand, Brothers in Arms, Renounce Religion, Evoke Invisibility


You were on level 2 of the Snake Pit.
You worshipped Trog.
Trog was exalted by your worship.
You were hungry.

You visited 3 branches of the dungeon, and saw 19 of its levels.

You collected 1134 gold pieces.
You spent 763 gold pieces at shops.

Inventory:

Hand Weapons
 a - a +0 hand axe
 b - a +1 broad axe of venom
 g - a +5 antimagic scimitar
 p - a +2 battleaxe of freezing
 r - a +0 war axe
 D - a +1 battleaxe of electrocution (weapon)
 J - a +4 broad axe of chopping
 P - a +5 hunting sling of freezing
 Y - a +5 antimagic executioner's axe
Armour
 k - a +0 cloak (worn)
 y - the +0 pair of gloves "Ecycirch" (worn) {+Inv rCorr Int+4}
   (You bought it in a shop on level 9 of the Dungeon)

   It affects your intelligence (+4).
   It lets you turn invisible.
   It protects you from acid and corrosion.
 z - a +0 plate armour (worn)
 A - a +2 helmet of intelligence (worn)
Jewellery
 e - an uncursed ring of resist corrosion {unknown}
 f - an uncursed ring of flight
 l - a +3 ring of slaying
 m - a +5 ring of slaying (right hand)
 n - an uncursed ring of flight
 o - an amulet of faith (around neck)
 t - an uncursed ring of protection from fire
 F - an uncursed ring of protection from cold
 T - an uncursed ring of see invisible {unknown}
 W - an uncursed ring of poison resistance {unknown}
 X - a +4 ring of dexterity {unknown}
 Z - the ring of Byfystij (left hand) {rPois rN+ MR+}
   (You bought it in a shop on level 9 of the Dungeon)

   [ring of poison resistance]

   It protects you from poison.
   It protects you from negative energy.
   It affects your resistance to hostile enchantments.
Wands
 s - a wand of polymorph (21)
 v - a wand of paralysis (14)
 x - a wand of clouds (2)
 C - a wand of digging (4)
 H - a wand of random effects (31)
 K - a wand of disintegration (18)
 O - a wand of flame (38)
 V - a wand of enslavement (17)
Scrolls
 d - 10 scrolls of identify
 h - 10 scrolls of remove curse
 j - 5 scrolls of teleportation
 N - a scroll of magic mapping
 Q - a scroll of fear
Potions
 i - 4 potions of lignification
 q - a potion of resistance
 u - a potion of berserk rage {unknown}
 w - 8 potions of curing
 B - 2 potions of ambrosia {unknown}
 E - 4 potions of agility
 G - 2 potions of might
 I - a potion of cancellation {unknown}
 L - a potion of flight
 M - a potion of magic {unknown}
 R - a potion of brilliance {unknown}
 S - a potion of haste
 U - 2 potions of invisibility {unknown}
Comestibles
 c - 34 rations


   Skills:
 + Level 15.8 Fighting
 + Level 17.0 Axes
 + Level 14.5 Armour
 + Level 11.6 Dodging


You had 14 spell levels left.
You didn't know any spells.
Your spell library was empty.

Dungeon Overview and Level Annotations

Branches:
Dungeon (11/15)            Temple (0/1) D:7            Lair (6/6) D:11
 Shoals (0/4) Lair:4        Snake (2/4) Lair:3        Slime (0/5) Lair:6
    Orc (0/2) D:10

Altars:
Ashenzari
Elyvilon
Gozag
Hepliaklqana
Makhleb
Nemelex Xobeh
Trog
Zin
Jiyva

Shops:
D:6 %   D:7 }   D:9 [=   Snake:1 }==

Annotations:
Snake:2 Vashnia


Innate Abilities, Weirdness & Mutations

You tend to lose your temper in combat.
Your mind is acute. (Int +2)
You passively map a small area around you.


Message History

The naga sharpshooter shoots a bolt.
The bolt hits you.
You see here a bolt.
The naga sharpshooter gestures wildly while chanting.
The naga sharpshooter magically shoots a bolt.
The bolt hits you.
You hear an angry hiss.
You see here 2 bolts.
Vashnia the Elite Marksnaga comes into view.
She is wielding a halberd of chopping.
Vashnia shouts!
You hear a shout!
Vashnia unwields an uncursed halberd of chopping.
Vashnia wields an uncursed runed longbow.
It bursts into flame!
Vashnia shoots an arrow.
The arrow hits you!!
* * * LOW HITPOINT WARNING * * *
The arrow burns you!
* * * LOW HITPOINT WARNING * * *
The naga sharpshooter shoots a bolt.
The bolt hits you but does no damage.
Vashnia shoots an arrow.
The arrow hits you!!
* * * LOW HITPOINT WARNING * * *
The arrow burns you!
You die...

...................
.................... , *
...................N.. ,
,
...............(.......
......................#
.....................##
* .....................#
...............N......#
*
.............#..@.....##
............##..........
.........).###.(........
..........###.....#....
,
..........##(.....##...*
. ###..............# ..
, * . ##.........###.#
*,# **
...####........#**#.# ,
, .................**.#
,


You could see Vashnia and a naga sharpshooter.

Vanquished Creatures
  Rupert (Lair:6)
  Kirke (Lair:5)
  An orc warlord (D:7)
  The ghost of Kriby the Brawler, a journeyman TrMo of Ru (Lair:5)
  Josephine (Lair:5)
  8 hydras
  4 naga warriors
  A deep troll shaman (Lair:6)
  A catoblepas (Lair:6)
  3 two-headed ogres (D:8)
  A queen ant (Lair:3)
  3 death yaks (Lair:6)
  2 naga sharpshooters (Snake:1)
  4 shock serpents
  A fire crab (Lair:6)
  4 skeletal warriors (D:11)
  An unseen horror (D:10)
  A salamander mystic (Snake:2)
  Pikel (D:5)
  An ugly thing (D:8)
  An oklob plant (Lair:3)
  An orc knight (D:8)
  2 mana vipers (Snake:1)
  7 salamanders
  5 elephants
  4 naga magi
  Psyche (D:9)
  An ice statue (D:8)
  10 spiny frogs
  14 black mambas
  5 komodo dragons
  3 rime drakes
  A polar bear (Lair:6)
  A hornet (Lair:4)
  5 hippogriffs
  11 blink frogs
  A meliai zombie (D:10)
  Sigmund (D:2)
  4 wraiths (Lair:5)
  4 wyverns
  10 hogs
  A human (D:8)
  A hungry ghost (D:8)
  24 yaks
  4 vampire mosquitoes (D:11)
  19 nagas
  16 wargs
  21 water moccasins
  13 soldier ants
  A swamp drake (D:10)
  5 porcupines
  14 orc warriors
  6 ice beasts
  4 black bears
  5 sky beasts
  3 slaves (D:5)
  A phantom (D:8)
  An eye of draining (D:11)
  6 ogres
  15 wolves
  2 centaurs
  2 necrophages
  7 crocodiles
  A big kobold (D:8)
  13 bullfrogs
  A wyvern skeleton (D:8)
  4 scorpions
  4 wights
  4 howler monkeys
  An electric eel (Lair:5)
  2 centaur zombies
  A bullfrog zombie (D:5)
  6 crimson imps
  7 hounds
  A jelly (D:6)
  12 orc priests
  22 orc wizards
  2 centaur skeletons
  An iguana (D:8)
  3 bullfrog skeletons
  4 hell rats (Lair:6)
  22 worker ants
  Natasha (thrice) (D:2)
  A killer bee zombie (D:8)
  A hound zombie (D:5)
  A hound skeleton (D:4)
  2 worker ant zombies
  24 gnolls
  16 adders
  A howler monkey skeleton (D:8)
  A shadow imp (D:6)
  An ooze (D:2)
  3 worms
  2 dart slugs
  8 leopard geckos
  103 orcs
  5 giant cockroaches
  8 goblins
  12 hobgoblins
  3 jackals (D:4)
  14 kobolds
  4 quokkas
  3 bats
  5 frilled lizards
  2 leopard gecko skeletons
  A quokka skeleton (D:4)
  8 rats
  A bush (Lair:3)
  6 fungi
  9 plants
663 creatures vanquished.

Vanquished Creatures (collateral kills)
  A crocodile (D:8)
1 creature vanquished.

Vanquished Creatures (others)
  A giant cockroach (D:5)
  6 fungi
  A plant (D:7)
8 creatures vanquished.

Grand Total: 672 creatures vanquished

Notes
Turn   | Place    | Note
-------+----------+-------------------------------------------
     0 | D:1      | Kriby the Hill Orc Berserker began the quest for the Orb.
     0 | D:1      | Reached XP level 1. HP: 19/19 MP: 1/1
   184 | D:1      | Reached XP level 2. HP: 25/27 MP: 2/2
   632 | D:1      | Reached XP level 3. HP: 33/33 MP: 3/3
   758 | D:1      | Found a sparkling altar of Nemelex Xobeh.
   894 | D:1      | Reached ** piety under Trog
  1015 | D:2      | Reached XP level 4. HP: 18/40 MP: 4/4
  1230 | D:2      | Found an opulent altar of Gozag.
  1501 | D:2      | Noticed Natasha
  1504 | D:2      | Reached skill level 5 in Axes
  1510 | D:2      | Killed Natasha
  1510 | D:2      | Reached XP level 5. HP: 45/47 MP: 5/5
  1912 | D:2      | Noticed Sigmund
  1932 | D:2      | Killed Sigmund
  1932 | D:2      | Reached skill level 5 in Fighting
  1932 | D:2      | Reached XP level 6. HP: 52/56 MP: 6/6
  2030 | D:2      | Noticed Natasha
  2038 | D:2      | Killed Natasha
  2054 | D:2      | Noticed Natasha
  2065 | D:2      | Killed Natasha
  2453 | D:3      | Reached skill level 6 in Axes
  3006 | D:3      | Reached *** piety under Trog
  3032 | D:3      | Found a shattered altar of Ashenzari.
  3243 | D:3      | Reached XP level 7. HP: 61/61 MP: 7/7
  4243 | D:4      | Reached skill level 5 in Armour
  4792 | D:5      | Entered Level 5 of the Dungeon
  4792 | D:5      | Noticed Pikel
  4799 | D:5      | Reached skill level 7 in Axes
  4799 | D:5      | Reached XP level 8. HP: 70/70 MP: 8/8
  4802 | D:5      | Killed Pikel
  4802 | D:5      | Reached skill level 8 in Axes
  5315 | D:5      | Identified Sif Muna's Almanac of the Ashen Volcanoes
  5502 | D:5      | Reached XP level 9. HP: 51/79 MP: 9/9
  5757 | D:5      | Reached skill level 5 in Dodging
  5967 | D:6      | Reached **** piety under Trog
  6212 | D:6      | Found a burning altar of Makhleb.
  6575 | D:6      | Reached skill level 9 in Axes
  6603 | D:6      | Found Bexzog's Food Emporium.
  6943 | D:6      | Found a white marble altar of Elyvilon.
  7735 | D:7      | Reached ***** piety under Trog
  7954 | D:7      | Found Tymuwky's Gadget Emporium.
  7971 | D:7      | Found a staircase to the Ecumenical Temple.
  7992 | D:7      | Reached XP level 10. HP: 91/91 MP: 10/10
  8385 | D:7      | Reached skill level 10 in Axes
  9582 | D:7      | Noticed an orc warlord
  9593 | D:7      | Reached skill level 10 in Fighting
  9600 | D:7      | Killed an orc warlord
  9600 | D:7      | Reached skill level 11 in Axes
  9600 | D:7      | Reached XP level 11. HP: 69/101 MP: 11/11
  9842 | D:7      | Gained mutation: You tend to lose your temper in combat. [potion of mutation]
  9842 | D:7      | Gained mutation: You passively map a small area around you. [potion of mutation]
  9842 | D:7      | Gained mutation: Your mind is acute. (Int +2) [potion of mutation]
  9961 | D:8      | Noticed a two-headed ogre
  9967 | D:8      | Killed a two-headed ogre
  9969 | D:8      | Noticed a purple ugly thing
  9978 | D:8      | Noticed an orc knight
  9981 | D:8      | Killed a purple ugly thing
  9984 | D:8      | HP: 1/101 [orc knight/great mace (10)]
 10004 | D:8      | Killed an orc knight
 10004 | D:8      | Received a gift from Trog
 10385 | D:8      | Noticed a two-headed ogre
 10390 | D:8      | Killed a two-headed ogre
 10451 | D:8      | Reached skill level 12 in Axes
 10451 | D:8      | Reached skill level 10 in Armour
 10979 | D:8      | Noticed a two-headed ogre
 10984 | D:8      | Killed a two-headed ogre
 11097 | D:8      | Found a white marble altar of Elyvilon.
 11194 | D:8      | Reached ****** piety under Trog
 11926 | D:9      | Found Fekhlycon's Antique Armour Shop.
 11945 | D:9      | Bought a pair of polished gloves for 180 gold pieces
 11945 | D:9      | Bought a glowing helmet for 142 gold pieces
 11945 | D:9      | Identified the cursed +0 pair of gloves "Ecycirch" {+Inv rCorr Int+4} (You bought it in a shop on level 9 of the Dungeon)
 11993 | D:9      | Found a hazy altar of Hepliaklqana.
 11993 | D:9      | Found a bloodstained altar of Trog.
 12174 | D:9      | Found Ethyifyr's Jewellery Emporium.
 12207 | D:9      | Noticed Psyche
 12212 | D:9      | Killed Psyche
 12266 | D:9      | Found a glowing silver altar of Zin.
 12271 | D:9      | Reached XP level 12. HP: 111/111 MP: 12/12
 12680 | D:10     | Entered Level 10 of the Dungeon
 12905 | D:10     | Found a glowing silver altar of Zin.
 12940 | D:10     | Received a gift from Trog
 13152 | D:10     | Found a staircase to the Orcish Mines.
 13714 | D:11     | Noticed a four-headed hydra
 13726 | D:11     | Killed an 11-headed hydra
 13726 | D:11     | Reached skill level 13 in Axes
 13913 | D:11     | Noticed a seven-headed hydra
 13929 | D:11     | Killed a ten-headed hydra
 13929 | D:11     | Received a gift from Trog
 14846 | D:11     | Found a staircase to the Lair.
 15049 | Lair:1   | Entered Level 1 of the Lair of Beasts
 15372 | Lair:1   | Reached XP level 13. HP: 119/119 MP: 13/13
 15821 | Lair:1   | Reached skill level 14 in Axes
 16523 | Lair:2   | Received a gift from Trog
 17531 | Lair:3   | Found a staircase to the Snake Pit.
 18176 | Lair:3   | Reached skill level 10 in Dodging
 18569 | Lair:4   | Found a staircase to the Shoals.
 19563 | Lair:5   | Noticed Josephine
 19571 | Lair:5   | Reached skill level 15 in Axes
 19576 | Lair:5   | Killed Josephine
 19701 | Lair:5   | Noticed Kriby's ghost (journeyman TrMo)
 19711 | Lair:5   | Killed Kriby's ghost
 20046 | Lair:5   | Reached XP level 14. HP: 30/132 MP: 14/14
 20528 | Lair:5   | Received a gift from Trog
 21066 | Lair:5   | Noticed Kirke
 21082 | Lair:5   | Killed Kirke
 21837 | Lair:6   | Entered Level 6 of the Lair of Beasts
 22243 | Lair:6   | Found a staircase to the Slime Pits.
 22243 | Lair:6   | Found a viscous altar of Jiyva.
 22803 | Lair:6   | Noticed Rupert
 22805 | Lair:6   | Reached skill level 16 in Axes
 22814 | Lair:6   | Killed Rupert
 22995 | Lair:6   | Reached skill level 15 in Fighting
 23466 | D:9      | Bought the ring of Byfystij {rPois rN+ MR+} for 441 gold pieces
 23576 | Snake:1  | Entered Level 1 of the Snake Pit
 23718 | Snake:1  | Found Huavaimu's Gadget Boutique.
 23718 | Snake:1  | Found Wuserghyzyz's Jewellery Shoppe.
 23719 | Snake:1  | Found Achufofu's Jewellery Shoppe.
 24072 | Snake:1  | Received a gift from Trog
 24072 | Snake:1  | Reached XP level 15. HP: 90/141 MP: 15/15
 26317 | Snake:2  | Reached skill level 17 in Axes
 26478 | Snake:2  | Noticed Vashnia
 26479 | Snake:2  | HP: 4/143 [Vashnia/arrow (29)]
 26479 | Snake:2  | Shot with an arrow by Vashnia

Vault maps used:
D:1:      lightli_arrival_lavapool, nemelex_diamond_rough_becter
D:2:      overflow_temple_1_default, first_ration, minmay_pentomino_v4,
          uniq_sigmund, uniq_natasha
D:3:      ashenzari_conservatory_becter, kennysheep_generic_room_15
D:5:      moated_statue, uniq_pikel
D:6:      elyvilon_altar_3, serial_shops, nicolae_shop_statue_plus, basic_altar,
          sigmund_army
D:7:      lemuel_castle_with_subvaults, temple_pool_b, serial_shops, shop
D:8:      basic_altar, grunt_livestock, nzn_random_ring
D:9:      overflow_temple_1_default, gammafunk_temple_overflow_wave,
          serial_shops, nicolae_shop_crystal, nicolae_shop_trees, uniq_psyche
D:10:     erik_orc_1, basic_altar
D:11:     erik_lair_orcish_takeover, serial_column_ruins,
          column_ruins_hut_pillars, column_ruins_square_small,
          column_ruins_grid_2, column_ruins_open_medium,
          column_ruins_open_medium, column_ruins_grid_1,
          column_ruins_open_large, column_ruins_open_tiny
Lair:3:   dummy_snake_entry, minmay_lair_oklob_items, minmay_another_anthill,
          grunt_megastairs_2, serial_bayou_shore_b
Lair:4:   shoals_dummy_entry
Lair:5:   serial_bayou_shore_a, grunt_megastairs_5, uniq_josephine, uniq_kirke
Lair:6:   grunt_lair_end_beastmaster, slime_altar_1, serial_bayou_shore_b,
          uniq_rupert
Snake:1:  spider_trap, minmay_shop_grove
Snake:2:  uniq_asterion, uniq_vashnia

Skill      XL: |  1  2  3  4  5  6  7  8  9 10 11 12 13 14 15 |
---------------+----------------------------------------------+-----
Fighting       | 4 5 6 7 9 10 11 12 14 15 | 15.8
Dodging        | 2 3 4 6 7 8 9 10 11 | 11.6
Armour         | 3 4 5 6 7 9 10 11 12 14 | 14.5
Axes           | 5 6 7 8 9 11 12 13 15 16 17 | 17.0

Action                   |  1- 3 |  4- 6 |  7- 9 | 10-12 | 13-15 || total
-------------------------+-------+-------+-------+-------+-------++-------
Melee: Hand axe          |    81 |   142 |    48 |       |       ||   271
       War axe           |       |       |   257 |    81 |       ||   338
       Battleaxe         |       |       |       |   419 |   615 ||  1034
Invok: Berserk           |     1 |     3 |     6 |     7 |    12 ||    29
Evoke: Wand              |       |       |       |     3 |       ||     3
  Use: Potion            |       |     5 |       |     6 |       ||    11
       Scroll            |       |     1 |       |    15 |     3 ||    19
  Eat: Chunk             |       |    11 |    20 |    26 |    29 ||    86
       Ration            |       |       |       |     2 |     5 ||     7
Armor: Animal skin       |     4 |       |       |       |       ||     4
       Ring mail         |    32 |    47 |    67 |       |       ||   146
       Skin              |       |    21 |       |       |       ||    21
       Plate armour      |       |       |    50 |   322 |   421 ||   793
Dodge: Dodged            |    47 |    83 |   140 |   255 |   395 ||   920
Block: Buckler           |       |       |    27 |     9 |       ||    36

Table legend:
 A = Spawn XP
 B = Non-spawn XP
 C = Spawn XP percentage of total XP
 D = Spawn monster count
 E = Non-spawn monster count
 F = Spawn count percentage of total count
 G = Total turns spent on level
                    A         B        C        D         E        F      G
               +---------+---------+-------+---------+---------+-------+---------
         Total |       0 |  106264 |   0.0 |       0 |     645 |   0.0 | 26479
               +---------+---------+-------+---------+---------+-------+---------
           D:1 |       0 |      43 |   0.0 |       0 |      25 |   0.0 |   978
           D:2 |       0 |     454 |   0.0 |       0 |      29 |   0.0 |  1417
           D:3 |       0 |     120 |   0.0 |       0 |      18 |   0.0 |  1263
           D:4 |       0 |     520 |   0.0 |       0 |      22 |   0.0 |  1379
           D:5 |       0 |    1442 |   0.0 |       0 |      27 |   0.0 |  1179
           D:6 |       0 |    1274 |   0.0 |       0 |      39 |   0.0 |  1498
           D:7 |       0 |    5989 |   0.0 |       0 |      99 |   0.0 |  2188
           D:8 |       0 |    7192 |   0.0 |       0 |      47 |   0.0 |  1930
           D:9 |       0 |    1621 |   0.0 |       0 |      24 |   0.0 |   912
          D:10 |       0 |    2669 |   0.0 |       0 |      38 |   0.0 |  1014
          D:11 |       0 |    8063 |   0.0 |       0 |      37 |   0.0 |  1421
        Lair:1 |       0 |    3249 |   0.0 |       0 |      17 |   0.0 |   921
        Lair:2 |       0 |    6515 |   0.0 |       0 |      32 |   0.0 |  1239
        Lair:3 |       0 |    6575 |   0.0 |       0 |      41 |   0.0 |  1450
        Lair:4 |       0 |    3383 |   0.0 |       0 |      14 |   0.0 |  1327
        Lair:5 |       0 |   15714 |   0.0 |       0 |      41 |   0.0 |  2009
        Lair:6 |       0 |   18035 |   0.0 |       0 |      43 |   0.0 |  1451
       Snake:1 |       0 |   15531 |   0.0 |       0 |      36 |   0.0 |  2251
       Snake:2 |       0 |    7875 |   0.0 |       0 |      16 |   0.0 |   652
               +---------+---------+-------+---------+---------+-------+---------
